[Event "Titled Tuesday Blitz December 20 Early 2022"]
[White "MartinMatthiesen"]
[Black "Korchmar_Vasiliy"]
[WhiteElo "2497"]
[BlackElo "2703"]
[Result "0-1"]
[Round "06"]
[TimeControl "180+2"]
[Date "2022.12.20"]
[WhiteClock "0:00:54"]
[BlackClock "0:00:57"]

1. d4 d5 2. c4 c6 3. Nf3 Nf6 4. Nc3 e6 5. Bg5 Nbd7 6. e3 Be7 7. Bd3 dxc4 8. Bxc4 h6 9. Bh4 O-O 10. O-O b5 11. Bd3 Bb7 12. Rc1 Rc8 13. Qe2 b4 14. Bxf6 Bxf6 15. Ne4 Be7 16. Rfd1 Qa5 17. Nfd2 c5 18. Nb3 Qxa2 19. Nbxc5 Nxc5 20. Nxc5 Bxc5 21. Ra1 Qd5 0-1


[Site "https://www.chess.com"]

[Event "Titled Tuesday Blitz December 20 Early 2022"]
[White "MatthewG-p4p"]
[Black "Mitrabha, Guha"]
[BlackFideId "5057000"]
[WhiteElo "2825"]
[BlackElo "2507"]
[Result "1-0"]
[Round "06"]
[TimeControl "180+2"]
[Date "2022.12.20"]
[WhiteClock "0:00:04"]
[BlackClock "0:00:15"]

1. e4 c6 2. d4 d5 3. exd5 cxd5 4. Bd3 Nf6 5. h3 Nc6 6. c3 e5 7. dxe5 Nxe5 8. Qe2 Qe7 9. Bc2 Bd7 10. Bf4 Nc4 11. b3 Nb6 12. Nf3 Qxe2+ 13. Kxe2 Be7 14. Re1 O-O 15. Kf1 Rfe8 16. Nbd2 Rac8 17. Be5 Bb5+ 18. Kg1 Nfd7 19. Bd4 Ba3 20. Rab1 Nf8 21. Bf5 Ne6 22. Bxb6 axb6 23. c4 dxc4 24. bxc4 Ba4 25. Rxb6 Nc5 26. Bxc8 Rxc8 27. Re3 Nd7 28. Rxb7 Bc5 29. Re1 Bc6 30. Rbb1 f6 31. Nb3 Bf8 32. Nfd4 Ba4 33. Rbc1 Ne5 34. c5 Nd3 35. Red1 Nxc1 36. Rxc1 Kf7 37. Kf1 Ke8 38. Ke2 Kd7 39. Kd3 Ra8 40. Kc4 Kc8 41. c6 Bd6 42. Kd5 Ba3 43. Re1 Ra5+ 44. Kc4 Re5 45. Rxe5 fxe5 46. Nb5 Be7 47. Nc5 Bd1 48. Kd5 Be2 49. Nd6+ Kc7 50. Ne6+ Kb6 51. c7 Bf1 52. c8=Q Bxg2+ 53. Kxe5 Bxd6+ 54. Kxd6 1-0


[Site "https://www.chess.com"]

[Event "Titled Tuesday Blitz December 20 Early 2022"]
[White "McCarthyStone"]
[Black "Makswolf200817"]
[WhiteElo "2471"]
[BlackElo "2651"]
[Result "0-1"]
[Round "06"]
[TimeControl "180+2"]
[Date "2022.12.20"]
[WhiteClock "0:00:10"]
[BlackClock "0:00:27"]

1. e4 e6 2. b3 d5 3. Bb2 c5 4. exd5 exd5 5. Bb5+ Nc6 6. Nc3 Nf6 7. Qe2+ Be7 8. Nf3 O-O 9. O-O-O Bg4 10. Bxc6 bxc6 11. h3 Be6 12. g4 c4 13. Nd4 Qd6 14. Rde1 Ne4 15. Nxe4 dxe4 16. Qxe4 Bd5 17. Qxe7 Qxe7 18. Rxe7 Bxh1 19. Nf5 cxb3 20. Bxg7 Rfe8 21. Bf6 Rxe7 22. Nxe7+ Kf8 23. axb3 Re8 24. Nf5 Re1+ 25. Kb2 Be4 26. Ng3 Bd5 27. Bd4 a6 28. Be3 Ke7 29. c4 Bf3 30. Nf5+ Kd7 31. Nd4 Bg2 32. h4 Rh1 33. Nf5 Bf3 34. g5 Bg4 35. Nh6 Be6 36. h5 Rxh5 37. Ng8 Rh1 38. Nf6+ Kd6 39. Bf4+ Ke7 40. Be3 Bf5 41. Kc3 h5 42. Kd4 h4 43. Kc5 h3 44. Nh5 Rg1 45. Ng3 Rxg3 46. fxg3 h2 47. Kxc6 h1=Q+ 48. Kb6 Qb1 49. Bc5+ Kd7 50. b4 Qa2 51. d3 Bxd3 0-1


[Site "https://www.chess.com"]

[Event "Titled Tuesday Blitz December 20 Early 2022"]
[White "Michelin, Badi"]
[Black "Chernov_Mikhail"]
[WhiteFideId "26032708"]
[WhiteElo "1762"]
[BlackElo "2398"]
[Result "1-0"]
[Round "06"]
[TimeControl "180+2"]
[Date "2022.12.20"]
[WhiteClock "0:00:11"]
[BlackClock "0:00:03"]

1. Nf3 c5 2. c4 Nc6 3. Nc3 e5 4. e3 f5 5. d4 e4 6. d5 exf3 7. dxc6 dxc6 8. Qxd8+ Kxd8 9. gxf3 Nf6 10. Bd2 Be6 11. O-O-O Bd6 12. h4 Ke7 13. Bd3 Rad8 14. Kc2 Kf7 15. b3 Bc7 16. Ne2 Rd7 17. Bc3 Rhd8 18. Nf4 Bxf4 19. exf4 Nh5 20. Be5 g6 21. Be2 Rd4 22. Bxd4 cxd4 23. Bd3 Nxf4 24. b4 b6 25. a4 Nxd3 26. Kxd3 f4 27. Rhe1 Bf5+ 28. Kd2 Kf6 29. Ra1 c5 30. b5 d3 31. a5 Rd4 32. Rec1 g5 33. h5 g4 34. fxg4 Bxg4 35. axb6 axb6 36. Ra6 Rd6 37. Rh1 Be6 38. Rc1 Ke5 39. Ra7 Bf5 40. Rc7 Kd4 41. Rc6 Rd7 42. Rxb6 Ra7 43. Rd6+ Ke5 44. Rd5+ Ke4 45. Re1+ Kf3 46. Rxf5 Kxf2 47. Rxf4+ Kg3 48. Rf6 Ra2+ 49. Kxd3 Kg4 50. Rg1+ Kxh5 51. Ke4 1-0


[Site "https://www.chess.com"]

[Event "Titled Tuesday Blitz December 20 Early 2022"]
[White "Mikusinski, Bartosz"]
[Black "Tomescu, Vlad"]
[WhiteFideId "1111256"]
[BlackFideId "1201026"]
[WhiteElo "2090"]
[BlackElo "2323"]
[Result "1-0"]
[Round "06"]
[TimeControl "180+2"]
[Date "2022.12.20"]
[WhiteClock "0:00:03"]
[BlackClock "0:00:06"]

1. e4 c6 2. d4 d5 3. e5 Bf5 4. h4 h5 5. Bg5 Qb6 6. Bd3 Qxd4 7. Nf3 Qg4 8. Bxf5 Qxf5 9. O-O e6 10. c4 Nd7 11. cxd5 exd5 12. e6 fxe6 13. Re1 Qf7 14. Qe2 Bd6 15. Nc3 e5 16. Rad1 Ne7 17. Qd3 O-O-O 18. Ne4 Bc7 19. Ng3 e4 20. Qa3 Rhe8 21. Nd4 Bb6 22. Be3 Ne5 23. Qc3 Ng4 24. b4 Kb8 25. a4 Ng6 26. a5 Bc7 27. a6 Nxe3 28. Rxe3 Rd6 29. axb7 Ne5 30. b5 Nc4 31. Nxc6+ Rxc6 32. bxc6 Nxe3 33. Qxe3 Bb6 34. Qe2 e3 35. f3 d4 36. Ne4 Qc7 37. Rc1 Re6 38. Qc4 Qe7 39. Kf1 Kc7 40. Ke2 Qe8 41. Qd5 Rxc6 42. Rxc6+ Qxc6 43. b8=Q+ Kxb8 44. Qxc6 1-0


[Site "https://www.chess.com"]

[Event "Titled Tuesday Blitz December 20 Early 2022"]
[White "Misanik, Peter"]
[Black "Aygehovit1992"]
[WhiteFideId "14921421"]
[WhiteElo "1785"]
[BlackElo "2682"]
[Result "1-0"]
[Round "06"]
[TimeControl "180+2"]
[Date "2022.12.20"]
[WhiteClock "0:00:16"]
[BlackClock "0:00:02"]

1. d4 g6 2. e4 Bg7 3. Nc3 d6 4. f4 Nf6 5. Nf3 O-O 6. Bd3 Nc6 7. O-O e5 8. d5 Nd4 9. f5 c6 10. Bg5 Qb6 11. Kh1 Qxb2 12. Na4 Qa3 13. c3 Nb5 14. Bc1 Nxc3 15. Bxa3 Nxd1 16. Raxd1 cxd5 17. Nc3 dxe4 18. Nxe4 Nxe4 19. Bxe4 gxf5 20. Bd5 e4 21. Nh4 e3 22. Rde1 Bd4 23. Nxf5 Bxf5 24. Rxf5 Rad8 25. Rf4 Be5 26. Rg4+ Kh8 27. Rxe3 f5 28. Rc4 b5 29. Rc6 a5 30. g3 b4 31. Bc1 f4 32. Rd3 fxg3 33. hxg3 Rf1+ 34. Kg2 Rdf8 35. Be3 Re1 36. Bh6 Rb8 37. Rc7 Re2+ 38. Kh3 a4 39. Rf3 1-0


[Site "https://www.chess.com"]

[Event "Titled Tuesday Blitz December 20 Early 2022"]
[White "Mischuk, Dmitry"]
[Black "ChessTankMan"]
[WhiteFideId "14118734"]
[WhiteElo "2298"]
[BlackElo "2514"]
[Result "1-0"]
[Round "06"]
[TimeControl "180+2"]
[Date "2022.12.20"]
[WhiteClock "0:00:22"]
[BlackClock "0:00:04"]

1. e4 c5 2. Nf3 e6 3. d4 cxd4 4. Nxd4 a6 5. Bd3 Nf6 6. Nc3 Qc7 7. Nb3 b5 8. Bd2 Bb7 9. Qe2 Nc6 10. a3 Rd8 11. f4 d5 12. e5 Nd7 13. Qf2 b4 14. Ne2 bxa3 15. bxa3 Be7 16. O-O O-O 17. Kh1 Rc8 18. Qg3 f6 19. Qh3 f5 20. Ned4 Nxd4 21. Nxd4 Nc5 22. Bb4 Qd7 23. Rab1 Rb8 24. g4 Ne4 25. Bxe7 Qxe7 26. gxf5 exf5 27. Rb6 Qc5 28. Rxb7 Rxb7 29. Ne6 Nf2+ 30. Kg2 Qb6 31. Rxf2 Qxe6 32. Qe3 Rd7 33. h4 d4 34. Qf3 Kh8 35. Rf1 Rb8 36. Kh3 Rdb7 37. Rg1 h6 38. Qh5 Rf7 39. Rg6 Qd5 40. Rg2 Rbf8 41. Qg6 Qf3+ 42. Qg3 Qh5 43. Qg6 Qf3+ 44. Qg3 Qh5 45. Be2 1-0


[Site "https://www.chess.com"]

[Event "Titled Tuesday Blitz December 20 Early 2022"]
[White "Moh, Teng Keong Deon"]
[Black "Ural_bogatyr"]
[WhiteFideId "5700868"]
[WhiteElo "2215"]
[BlackElo "2615"]
[Result "0-1"]
[Round "06"]
[TimeControl "180+2"]
[Date "2022.12.20"]
[WhiteClock "0:01:18"]
[BlackClock "0:00:52"]

1. e4 c6 2. d4 d5 3. exd5 cxd5 4. Bd3 Nc6 5. c3 Nf6 6. h3 g6 7. Nf3 Bf5 8. Bxf5 gxf5 9. O-O Ne4 10. Bf4 e6 11. Ne5 Bd6 12. Nxc6 bxc6 13. Bxd6 Qxd6 14. Nd2 Rg8 15. Nxe4 fxe4 16. Qh5 Qf4 17. Rae1 Rg5 18. Qe2 Ke7 19. g3 Rag8 20. Kh1 Qf5 21. Kh2 h5 22. h4 Rg4 23. Rg1 Qf6 24. Rg2 Qg7 25. Reg1 f5 26. f3 exf3 27. Qxf3 f4 28. Kh3 Qf6 29. Re1 Qf5 30. Re5 Rxg3+ 31. Kh2 Qh3+ 32. Kg1 Rxg2+ 33. Qxg2 Qxg2# 0-1


[Site "https://www.chess.com"]

[Event "Titled Tuesday Blitz December 20 Early 2022"]
[White "Mohammed, Dilshad"]
[Black "kidagent"]
[WhiteFideId "5050421"]
[WhiteElo "2103"]
[BlackElo "2292"]
[Result "1-0"]
[Round "06"]
[TimeControl "180+2"]
[Date "2022.12.20"]
[WhiteClock "0:00:26"]
[BlackClock "0:00:10"]

1. Nf3 Nf6 2. c4 c6 3. Nc3 d5 4. e3 e6 5. cxd5 exd5 6. d4 Bd6 7. h3 O-O 8. Qc2 Re8 9. Bd3 Na6 10. a3 Nc7 11. O-O Bd7 12. Bd2 Rc8 13. b4 h6 14. Rfe1 a6 15. Rac1 Nb5 16. Nb1 Bb8 17. a4 Nd6 18. Ne5 Nde4 19. f4 Bf5 20. Nc3 Bh7 21. Nxe4 Nxe4 22. Re2 f6 23. Ng4 Bd6 24. Be1 Qe7 25. Qb3 h5 26. Nh2 Kh8 27. Nf3 Qc7 28. Qd1 Qf7 29. Rb1 b5 30. a5 Bb8 31. Rc2 Nd6 32. Bf2 Nc4 33. Bxh7 Kxh7 34. Rb3 Re7 35. f5 Rce8 36. Nh4 Nxe3 37. Bxe3 Rxe3 38. Rxe3 Rxe3 39. Ng6 Re4 40. Qxh5+ Kg8 41. Qh8# 1-0


[Site "https://www.chess.com"]

[Event "Titled Tuesday Blitz December 20 Early 2022"]
[White "Mone, Ved"]
[Black "Harsha_Bharathakoti"]
[WhiteFideId "25666290"]
[WhiteElo "1254"]
[BlackElo "2867"]
[Result "0-1"]
[Round "06"]
[TimeControl "180+2"]
[Date "2022.12.20"]
[WhiteClock "0:00:03"]
[BlackClock "0:00:52"]

1. e4 c6 2. d4 d5 3. Nc3 dxe4 4. Nxe4 Nf6 5. Nxf6+ exf6 6. Bc4 Bd6 7. Qe2+ Qe7 8. Qxe7+ Kxe7 9. Ne2 Be6 10. Bd3 g6 11. O-O h5 12. Re1 Kf8 13. Bf4 Be7 14. Bxb8 Rxb8 15. Nf4 Bd7 16. c4 Bd6 17. Ne2 Kg7 18. Nc3 Rhd8 19. Be4 f5 20. Bf3 Re8 21. a3 Rxe1+ 22. Rxe1 Rd8 23. Rd1 Be7 24. d5 Bf6 25. dxc6 bxc6 26. Na4 Be6 27. Rxd8 Bxd8 28. b3 Be7 29. Bxc6 Bxa3 30. Kf1 Kf6 31. Ke2 Ke5 32. Kd3 h4 33. Kc3 a5 34. Kd3 g5 35. Bb7 f4 36. h3 Bf5+ 37. Kc3 Bb4+ 38. Kb2 Kd4 39. Bf3 Be4 40. Bxe4 Kxe4 41. Kc2 f3 42. gxf3+ Kxf3 43. c5 g4 44. c6 Bd6 45. Nc3 gxh3 46. Nb5 Bb8 47. Nd4+ Kxf2 0-1


[Site "https://www.chess.com"]

[Event "Titled Tuesday Blitz December 20 Early 2022"]
[White "Nau, Guenter"]
[Black "Aleksandar-Topalov"]
[WhiteFideId "4661419"]
[WhiteElo "2205"]
[BlackElo "2401"]
[Result "1-0"]
[Round "06"]
[TimeControl "180+2"]
[Date "2022.12.20"]
[WhiteClock "0:00:14"]
[BlackClock "0:00:07"]

1. d4 Nf6 2. c4 c5 3. Nf3 g6 4. Nc3 Bg7 5. g3 O-O 6. Bg2 cxd4 7. Nxd4 Nc6 8. O-O Nxd4 9. Qxd4 d6 10. Bg5 h6 11. Bxf6 Bxf6 12. Qd2 Bg7 13. Rad1 Be6 14. Bxb7 Bxc4 15. Bxa8 Qxa8 16. Rfe1 Rc8 17. Rc1 Rb8 18. b3 Be6 19. e4 Qb7 20. Nd5 Bxd5 21. Qxd5 Qa6 22. Rc2 Bf6 23. Kg2 Kg7 24. h4 Rb5 25. Qd3 Qa5 26. Rec1 d5 27. exd5 Rxd5 28. Qf3 Bd4 29. Qe4 Bf6 30. Rc8 Kh7 31. Qc4 Rd4 32. Qxf7+ 1-0


[Site "https://www.chess.com"]

[Event "Titled Tuesday Blitz December 20 Early 2022"]
[White "Nemegejas"]
[Black "tdf98pantani"]
[WhiteElo "2883"]
[BlackElo "2734"]
[Result "1-0"]
[Round "06"]
[TimeControl "180+2"]
[Date "2022.12.20"]
[WhiteClock "0:02:19"]
[BlackClock "0:00:33"]

1. Nf3 Nf6 2. b3 d5 3. Ba3 c6 4. e3 g6 5. c4 Bg7 6. Nc3 O-O 7. d4 Bg4 8. Be2 Qa5 9. Qc1 Ne4 10. Bb2 c5 11. O-O Bxf3 12. Bxf3 cxd4 13. Nxd5 Nd2 14. Nxe7+ Kh8 15. Bxb7 Nxf1 16. Bxa8 Nxh2 17. Kxh2 Qc7+ 18. Kg1 Qxe7 19. Ba3 Qh4 20. Bxf8 Bxf8 21. exd4 Qxd4 22. Qd1 Qf6 23. Rc1 Bc5 24. Qf3 Qb2 25. Rd1 1-0


[Site "https://www.chess.com"]

[Event "Titled Tuesday Blitz December 20 Early 2022"]
[White "Nyambe, Maketo"]
[Black "Chessmissile07"]
[WhiteFideId "8700915"]
[WhiteElo "2091"]
[BlackElo "2730"]
[Result "0-1"]
[Round "06"]
[TimeControl "180+2"]
[Date "2022.12.20"]
[WhiteClock "0:00:08"]
[BlackClock "0:00:10"]

1. e4 Nf6 2. e5 Nd5 3. Nc3 Nxc3 4. dxc3 d6 5. Nf3 Nc6 6. Bf4 Bg4 7. exd6 exd6 8. Be2 Be7 9. Qd2 O-O 10. O-O-O Bf6 11. h3 Bh5 12. g4 Bg6 13. h4 Re8 14. h5 Be4 15. g5 Be5 16. Rh4 Bxf4 17. Rxf4 Bxf3 18. Rxf3 Ne5 19. Rg3 Qe7 20. f4 Nd7 21. Bc4 Nb6 22. Bd3 Qe6 23. Kb1 g6 24. Qf2 Qd5 25. hxg6 fxg6 26. f5 gxf5 27. g6 h6 28. Rf1 Kg7 29. Rf3 Rf8 30. Qh4 Rae8 31. Rxf5 Rxf5 32. Rxf5 Qe6 33. Rf7+ Kg8 34. b3 Qe1+ 35. Kb2 Qxh4 36. Rxc7 Re7 37. Rxe7 Qxe7 38. a4 a5 39. Bb5 h5 40. Bd3 h4 41. Bf5 Kg7 42. b4 axb4 43. a5 Nc4+ 44. Kb3 Nxa5+ 45. Kxb4 Nc6+ 46. Kb5 Qe5+ 47. Kb6 Qxf5 48. c4 Qc5+ 49. Kc7 h3 50. c3 h2 51. Kd7 h1=Q 52. Ke6 Qe4+ 53. Kd7 Qe7+ 54. Kc8 Qd8+ 55. Kxb7 Qcb6# 0-1


[Site "https://www.chess.com"]

[Event "Titled Tuesday Blitz December 20 Early 2022"]
[White "Oleksandr_Bortnyk"]
[Black "Pitcher, John"]
[BlackFideId "411485"]
[WhiteElo "2984"]
[BlackElo "2210"]
[Result "1/2-1/2"]
[Round "06"]
[TimeControl "180+2"]
[Date "2022.12.20"]
[WhiteClock "0:00:03"]
[BlackClock "0:00:03"]

1. d4 Nf6 2. Nc3 d5 3. Bf4 g6 4. e3 Bg7 5. h4 h6 6. Nb5 Na6 7. Nf3 O-O 8. Nc3 b6 9. Ne5 Bb7 10. g4 Nd7 11. Bxa6 Bxa6 12. Nc6 Qe8 13. Nxd5 Kh7 14. Nxc7 Qc8 15. Nxe7 Qb7 16. d5 Rad8 17. Nxa6 Qxa6 18. c3 Rfe8 19. Nc6 Rc8 20. Qe2 Qa4 21. f3 Nf6 22. Rd1 Nxd5 23. Rxd5 Rxc6 24. Kf2 Rce6 25. e4 Qxa2 26. Qd2 Qc4 27. Rd1 a5 28. Qd3 Qa2 29. Rd2 Qa1 30. Kg2 a4 31. Rd7 R8e7 32. Rxe7 Rxe7 33. h5 a3 34. bxa3 Bxc3 35. hxg6+ fxg6 36. Rc2 Bd4 37. Rc1 Qb2+ 38. Rc2 Qa1 39. Rc1 Qb2+ 40. Qd2 Qxd2+ 41. Bxd2 Bb2 42. Rh1 Bxa3 43. Bxh6 Kg8 44. Be3 b5 45. Rb1 b4 46. Kg3 Rb7 47. Rb3 Kf7 48. f4 Ke6 49. Kf3 Rc7 50. Bd4 Rc4 51. Ke3 Rc2 52. f5+ gxf5 53. gxf5+ Kd6 54. Kd3 Rc1 55. Be3 Rc8 56. Kd4 Rd8 57. Bf4+ Kc6+ 58. Kc4 Rd1 59. e5 Rf1 60. Bg3 Rxf5 61. e6 Rf6 62. Re3 b3 63. Kxb3 Bc5 64. Rc3 Kd5 65. Rxc5+ Kxc5 66. e7 Re6 67. Bh4 Kd6 68. Kc4 Rxe7 69. Bxe7+ 1/2-1/2


[Site "https://www.chess.com"]

[Event "Titled Tuesday Blitz December 20 Early 2022"]
[White "OparinGrigoriy"]
[Black "severomorskij"]
[WhiteElo "3013"]
[BlackElo "2844"]
[Result "1-0"]
[Round "06"]
[TimeControl "180+2"]
[Date "2022.12.20"]
[WhiteClock "0:01:15"]
[BlackClock "0:00:04"]

1. Nf3 d5 2. g3 Nc6 3. d4 Bf5 4. Bg2 Nb4 5. Na3 e6 6. O-O Be7 7. c3 Nc6 8. c4 Nf6 9. Bg5 Ne4 10. Bxe7 Nxe7 11. Rc1 O-O 12. Ne5 h6 13. e3 c6 14. Qe2 Bh7 15. Rfd1 a6 16. b4 f6 17. Nd3 Nf5 18. Nc5 Qe7 19. Nxe4 dxe4 20. c5 Kh8 21. Nc4 Qf7 22. Qc2 e5 23. dxe5 fxe5 24. Nxe5 Qe6 25. Nc4 Rad8 26. Rxd8 Rxd8 27. Qxe4 Qxe4 28. Bxe4 Nxg3 29. hxg3 Bxe4 30. Nd6 Bd5 31. a3 Rd7 32. e4 Be6 33. f4 g6 34. Kf2 Kg7 35. Ke3 h5 36. f5 gxf5 37. exf5 Bd5 38. Kf4 Re7 39. Kg5 Re3 40. f6+ Kf8 41. Kxh5 Rxg3 42. Re1 Bf7+ 43. Kh4 Rf3 44. Kg5 Rg3+ 45. Kf4 Rxa3 46. Re7 Bg6 47. Rxb7 1-0


[Site "https://www.chess.com"]

[Event "Titled Tuesday Blitz December 20 Early 2022"]
[White "Ordekalog"]
[Black "Roshka, Yevgeniy"]
[BlackFideId "14129558"]
[WhiteElo "2796"]
[BlackElo "2429"]
[Result "1-0"]
[Round "06"]
[TimeControl "180+2"]
[Date "2022.12.20"]
[WhiteClock "0:00:27"]
[BlackClock "0:00:00"]

1. d4 d5 2. c4 dxc4 3. e3 e5 4. Bxc4 exd4 5. Nf3 Nf6 6. O-O Bd6 7. exd4 O-O 8. h3 h6 9. Nc3 Nc6 10. Be3 Bf5 11. a3 a6 12. Qd2 Qd7 13. Rfe1 Rfe8 14. Bf4 Ne4 15. Nxe4 Bxe4 16. Nh2 Rad8 17. Rad1 Qf5 18. Bxd6 cxd6 19. Ng4 Bd5 20. Bd3 Qg5 21. Ne3 Be4 22. Bf1 d5 23. Rc1 Qf6 24. Red1 Qg5 25. Ng4 Qxd2 26. Rxd2 f5 27. Ne3 f4 28. Ng4 f3 29. Ne3 Rd6 30. g3 Rde6 31. b4 Kf7 32. Rc3 g5 33. Kh2 h5 34. g4 h4 35. Rc5 1-0


[Site "https://www.chess.com"]

[Event "Titled Tuesday Blitz December 20 Early 2022"]
[White "Paspuel, Trosky"]
[Black "Shironin, Daniil Aleks"]
[WhiteFideId "3602150"]
[BlackFideId "55812198"]
[WhiteElo "1721"]
[BlackElo "2115"]
[Result "1-0"]
[Round "06"]
[TimeControl "180+2"]
[Date "2022.12.20"]
[WhiteClock "0:00:05"]
[BlackClock "0:00:03"]

1. b3 Nf6 2. Bb2 g6 3. g3 Bg7 4. Bg2 O-O 5. d3 d6 6. Nd2 c5 7. e3 Nc6 8. Ne2 e5 9. h3 Be6 10. a3 Qd7 11. g4 h5 12. g5 Nh7 13. Ne4 b6 14. c4 d5 15. cxd5 Bxd5 16. N2c3 Be6 17. Qe2 Rad8 18. O-O Qxd3 19. Qxd3 Rxd3 20. Nf6+ Bxf6 21. gxf6 Na5 22. Ne4 Nxb3 23. Rad1 Rfd8 24. Rxd3 Rxd3 25. Bxe5 Bf5 26. Nd6 Nxf6 27. Nxf5 gxf5 28. Bxf6 Nd2 29. Rd1 c4 30. Kh2 c3 31. Bxc3 Rxc3 32. Rxd2 Rxa3 33. Rd7 b5 34. Bd5 b4 35. Rxf7 Kh8 36. Rb7 a5 37. Kg3 Rd3 38. Be6 f4+ 39. Kxf4 Rd6 40. Kf5 Ra6 41. Kf6 h4 42. f4 Ra8 43. f5 a4 44. Rxb4 a3 45. Rb1 Ra6 46. Ra1 Kh7 47. Ke5 Kh6 48. Kd4 Kg5 49. Kc3 Ra5 50. Kb3 Re5 51. Re1 Ra5 52. Ka2 Kf6 53. e4 Ke5 54. Rf1 Rc5 55. Kxa3 Rc3+ 56. Kb4 Rxh3 57. f6 Re3 58. f7 Rxe4+ 59. Kc5 Rf4 60. Rxf4 Kxf4 61. f8=Q+ Kg3 62. Qd6+ Kg2 63. Qd2+ Kg3 64. Qe1+ Kf4 65. Qh1 Kg3 66. Kd4 h3 67. Qxh3+ Kf4 68. Qg4# 1-0


[Site "https://www.chess.com"]

[Event "Titled Tuesday Blitz December 20 Early 2022"]
[White "Pastana, Rafael Pedroni"]
[Black "Meri-Arabidze"]
[WhiteFideId "2140756"]
[WhiteElo "1978"]
[BlackElo "2730"]
[Result "0-1"]
[Round "06"]
[TimeControl "180+2"]
[Date "2022.12.20"]
[WhiteClock "0:01:38"]
[BlackClock "0:01:37"]

1. c4 e5 2. Nc3 Nc6 3. Nf3 f5 4. d4 e4 5. Ng1 Nf6 6. g3 Bb4 7. Bg2 O-O 8. Nh3 d5 9. O-O dxc4 10. e3 a6 11. Qe2 b5 12. f3 Bb7 13. fxe4 Bxc3 14. bxc3 Nxe4 15. Bxe4 fxe4 16. Bd2 Qd7 17. Qh5 Ne7 18. Rxf8+ Rxf8 19. Rf1 Rxf1+ 20. Kxf1 Nd5 21. Ng5 Nf6 22. Qh4 h6 23. Nh3 a5 24. Nf4 c5 25. Ke2 cxd4 26. exd4 b4 27. cxb4 axb4 28. Bxb4 Qxd4 0-1


[Site "https://www.chess.com"]

[Event "Titled Tuesday Blitz December 20 Early 2022"]
[White "Patterson, Fheopatrick"]
[Black "Pietrek, Gerhard"]
[WhiteFideId "30939364"]
[BlackFideId "24631698"]
[WhiteElo "1497"]
[BlackElo "1596"]
[Result "1-0"]
[Round "06"]
[TimeControl "180+2"]
[Date "2022.12.20"]
[WhiteClock "0:00:41"]
[BlackClock "0:00:18"]

1. d4 Nf6 2. c4 c5 3. d5 d6 4. Nc3 g6 5. e4 Bg7 6. h3 O-O 7. Bd3 e6 8. Nge2 a6 9. O-O exd5 10. exd5 b5 11. cxb5 axb5 12. Bxb5 Ba6 13. a4 Bxb5 14. Nxb5 Ne8 15. Nec3 Nd7 16. Rb1 Ne5 17. Bf4 Nc7 18. Re1 f5 19. b3 Na6 20. Qe2 Nb4 21. Rbd1 Qd7 22. Nxd6 Nf7 23. Ncb5 Nxd6 24. Bxd6 Rfe8 25. Qc4 h5 26. Rxe8+ Rxe8 27. Bxc5 Na6 28. d6+ Kh7 29. Bd4 Bh6 30. Bc3 Rc8 31. Qe2 Re8 32. Qxe8 Qxe8 33. d7 Qd8 34. Bf6 Qxf6 35. d8=Q Qb2 36. Qd7+ Bg7 37. Nd6 Qxb3 38. Ne8 1-0


[Site "https://www.chess.com"]

[Event "Titled Tuesday Blitz December 20 Early 2022"]
[White "PavelChernomordik"]
[Black "KubaGepard"]
[WhiteElo "2434"]
[BlackElo "2594"]
[Result "1-0"]
[Round "06"]
[TimeControl "180+2"]
[Date "2022.12.20"]
[WhiteClock "0:00:21"]
[BlackClock "0:00:04"]

1. e4 e5 2. Nf3 Nc6 3. Bb5 a6 4. Ba4 Be7 5. c3 Nf6 6. Qe2 b5 7. Bc2 O-O 8. a4 b4 9. a5 d5 10. d3 Be6 11. O-O d4 12. cxd4 Bg4 13. dxe5 Nd4 14. Qd1 Nd7 15. Bf4 Nc5 16. Nbd2 Rb8 17. b3 Nde6 18. Be3 Nxd3 19. Nc4 Ndc5 20. Qe2 Qc8 21. h3 Bxf3 22. Qxf3 Rd8 23. Qe2 Qb7 24. f4 Nxe4 25. f5 Nc3 26. Qg4 Bc5 27. fxe6 Bxe3+ 28. Nxe3 fxe6 29. Qxe6+ Kh8 30. Qf5 g6 31. Qf6+ Kg8 32. Qf7+ Kh8 33. Bxg6 hxg6 34. Qxg6 Qe4 35. Qf6+ Kh7 36. Nf5 Rd2 37. Qg7# 1-0


[Site "https://www.chess.com"]

[Event "Titled Tuesday Blitz December 20 Early 2022"]
[White "Pranav, V"]
[Black "Firouzja, Alireza"]
[WhiteFideId "25060783"]
[BlackFideId "12573981"]
[WhiteElo "2597"]
[BlackElo "2785"]
[Result "0-1"]
[Round "06"]
[TimeControl "180+2"]
[Date "2022.12.20"]
[WhiteClock "0:00:04"]
[BlackClock "0:00:54"]

1. e4 g6 2. d4 Bg7 3. Nc3 c6 4. Nf3 d6 5. h3 Nf6 6. Bd3 O-O 7. O-O Qc7 8. Bf4 Nh5 9. Be3 e5 10. dxe5 dxe5 11. Qc1 Nd7 12. Ne2 Re8 13. Bh6 Nf8 14. Rd1 Be6 15. Bxg7 Kxg7 16. Qg5 f6 17. Qe3 Bf7 18. g3 Qb6 19. g4 Nf4 20. Nxf4 Qxe3 21. fxe3 exf4 22. exf4 Ne6 23. f5 Nc5 24. Re1 Rad8 25. Rad1 Bxa2 26. fxg6 hxg6 27. e5 Nxd3 28. exf6+ Kxf6 29. Rxe8 Rxe8 30. Rxd3 Bd5 31. Kf2 a5 32. Ra3 b6 33. h4 Re4 34. g5+ Kf5 35. Kg3 Rg4+ 36. Kh3 Rf4 37. Kg3 Rxf3+ 38. Rxf3+ Bxf3 39. Kxf3 b5 40. c3 a4 41. Ke3 c5 42. Kd3 Kg4 43. Ke4 Kxh4 44. Kd5 b4 45. Kc4 a3 46. bxa3 bxa3 47. Kb3 Kxg5 48. Kxa3 Kf4 49. Kb3 g5 50. Kc4 g4 0-1


[Site "https://www.chess.com"]

[Event "Titled Tuesday Blitz December 20 Early 2022"]
[White "Prasad, M.V.S"]
[Black "The_Machine04"]
[WhiteFideId "5018790"]
[WhiteElo "1945"]
[BlackElo "2652"]
[Result "1-0"]
[Round "06"]
[TimeControl "180+2"]
[Date "2022.12.20"]
[WhiteClock "0:00:18"]
[BlackClock "0:00:01"]

1. e4 d6 2. d4 Nf6 3. Nc3 e5 4. Nf3 Nbd7 5. Bc4 Be7 6. g4 Nb6 7. dxe5 Nxc4 8. exf6 Bxf6 9. g5 Bxc3+ 10. bxc3 O-O 11. Qd4 Bg4 12. Nh4 d5 13. h3 Re8 14. f3 Bxf3 15. O-O Rxe4 16. Qf2 Bh5 17. Nf5 Qd7 18. Ng3 Rh4 19. Nf5 Rxh3 20. Qd4 f6 21. gxf6 Rf8 22. Ne7+ Qxe7 23. fxe7 Rxf1+ 24. Kxf1 c6 25. Kg2 Rf3 26. e8=R+ Bxe8 27. Kxf3 1-0


[Site "https://www.chess.com"]

[Event "Titled Tuesday Blitz December 20 Early 2022"]
[White "Rakesh, Kumar Jena"]
[Black "Gnechko_Ruslan"]
[WhiteFideId "5084822"]
[WhiteElo "2303"]
[BlackElo "2448"]
[Result "1-0"]
[Round "06"]
[TimeControl "180+2"]
[Date "2022.12.20"]
[WhiteClock "0:00:34"]
[BlackClock "0:00:01"]

1. Nf3 d5 2. b3 Nf6 3. Bb2 Bf5 4. e3 e6 5. Be2 h6 6. O-O Be7 7. d3 O-O 8. Nbd2 c5 9. Ne5 Nbd7 10. f4 b5 11. Bf3 Rc8 12. e4 dxe4 13. Nxe4 Nd5 14. Ng3 Ne3 15. Qd2 Nxf1 16. Rxf1 Nxe5 17. fxe5 Bg6 18. Be4 Bg5 19. Qf2 c4 20. bxc4 bxc4 21. Ba3 Be7 22. Qxa7 Bxe4 23. Bxe7 Ra8 24. Qc5 Ra5 25. Bxd8 Rxc5 26. Be7 Rxe5 27. Bxf8 cxd3 28. Bd6 Rd5 29. Nxe4 dxc2 30. Ba3 Rd1 31. Bc1 f5 32. Nc3 Rd3 33. Ne2 g5 34. a4 f4 35. a5 Rd5 36. a6 Ra5 37. Nd4 e5 38. Nxc2 Rxa6 39. Re1 Ra5 40. Nb4 Rb5 41. Nd3 1-0


[Site "https://www.chess.com"]

[Event "Titled Tuesday Blitz December 20 Early 2022"]
[White "RianKapriaga"]
[Black "JoliyRoger"]
[WhiteElo "2327"]
[BlackElo "2429"]
[Result "1-0"]
[Round "06"]
[TimeControl "180+2"]
[Date "2022.12.20"]
[WhiteClock "0:00:11"]
[BlackClock "0:00:01"]

1. d4 Nf6 2. Nf3 e6 3. Bf4 c5 4. e3 d5 5. Nbd2 Bd6 6. Ne5 Qc7 7. c3 Nbd7 8. Nxd7 Bxd7 9. Bxd6 Qxd6 10. Nf3 O-O 11. Bd3 Bc6 12. O-O Nd7 13. Qb1 h6 14. b4 b6 15. a4 e5 16. Bh7+ Kh8 17. Bf5 e4 18. Bxd7 Bxd7 19. Ne5 Bf5 20. bxc5 bxc5 21. Qb7 Kg8 22. Nxf7 Qe6 23. Ne5 Rac8 24. Qxa7 cxd4 25. cxd4 Rc2 26. Rac1 Rfc8 27. Rxc2 Rxc2 28. a5 Ra2 29. Qb8+ Kh7 30. Qb4 Qf6 31. Qb3 Rxa5 32. Rc1 Bc8 33. h3 Ba6 34. Qb2 Qg5 35. Kh2 1-0


[Site "https://www.chess.com"]